 Dungeon Crawl Stone Soup version 0.25-a0-1133-g93ebf739aa (console) character file.

Game seed: 16816363835222358876, levelgen mode: deterministic

333452 Gorlak the Cleaver (level 22, -14/159 HPs)
             Began as a Human Conjurer on May 5, 2020.
             Was an Elder of Sif Muna.
             Shot with a bolt by a yaktaur (25 damage)
             ... led by a yaktaur captain
             ... on level 2 of the Vaults on May 22, 2020.
             The game lasted 21:31:59 (83828 turns).

Gorlak the Cleaver (Human Conjurer)                Turns: 83828, Time: 21:32:00

Health: -14/159    AC: 34    Str: 17    XL:     22   Next: 80%
Magic:  7/39       EV: 25    Int: 21    God:    Sif Muna [****..]
Gold:   2107       SH: 14    Dex: 19    Spells: 6/47 levels left

rFire    + . .     SeeInvis .   C - +9 war axe (flame)
rCold    . . .     Gourm    .   H - +3 buckler {rN+}
rNeg     + . .     Faith    .   y - +5 steam dragon scales
rPois    +         Spirit   .   a - +2 hat of Salvation {Slay+3}
rElec    .         Reflect  +   w - +2 cloak {Stlth+}
rCorr    .         Harm     .   R - +2 pair of gloves {Dex+3}
MR       +++..                  G - +2 pair of boots
Stlth    ++........             A - amulet "Pemezorph" {Reflect rPois rF+ rC+ MR+ SH+5}
HPRegen  0.36/turn              r - ring "Suitus" {rC- MR+ Str+5 Int+3}
MPRegen  0.26/turn              l - +5 ring of evasion

@: icy armour, very slightly contaminated
A: screaming 1, weak 1
}: 2/15 runes: decaying, gossamer
a: Channel Magic, Forget Spell, Divine Exegesis, Renounce Religion


You were on level 2 of the Vaults.
You worshipped Sif Muna.
Sif Muna was greatly pleased with you.
You were hungry.

You visited 10 branches of the dungeon, and saw 43 of its levels.
You also visited: Bailey.

You collected 5079 gold pieces.
You spent 2972 gold pieces at shops.

Inventory:

Hand Weapons
 k - the +9 hand crossbow "Vokkuedo" {flame, +Inv rC- MR+ Str+4}
   (You found it on level 1 of the Vaults)

   It causes projectiles fired from it to burn those they strike, causing extra
   injury to most foes and up to half again as much damage against particularly
   susceptible opponents.
   It affects your strength (+4).
   It makes you vulnerable to cold.
   It affects your resistance to hostile enchantments.
   It lets you turn invisible.
 p - the +7 sceptre of Torment {pain, torment}
   (You took it off a deep elf knight on level 3 of the Elven Halls)

   In the hands of one skilled in necromantic magic, it inflicts extra damage on
   living creatures.
 C - a +9 war axe of flaming (weapon)
 W - a +5 long sword of holy wrath
Missiles
 J - 17 bolts (quivered)
Armour
 a - the +2 hat of Salvation (worn) {Slay+3}
   (You acquired it on level 1 of the Spider Nest)

   It affects your accuracy and damage with ranged weapons and melee attacks
   (+3).
 w - a +2 cloak of stealth (worn)
 y - +5 steam dragon scales (worn)
 F - the +10 chain mail of Gaoggeud {MP+9 Str+3 Dex+4 Stlth+}
   (You found it on level 11 of the Dungeon)

   It affects your strength (+3).
   It affects your dexterity (+4).
   It affects your magic capacity (+9).
   It makes you more stealthy.
 G - a +2 pair of boots (worn)
 H - a +3 buckler of positive energy (worn)
 R - a +2 pair of gloves of dexterity (worn)
Jewellery
 b - an uncursed ring of protection from cold
 j - an uncursed ring of see invisible
 l - a +5 ring of evasion (right hand)
 r - the ring "Suitus" (left hand) {rC- MR+ Str+5 Int+3}
   (You bought it in a shop on level 1 of the Vaults)

   [ring of strength]

   It affects your strength (+5).
   It affects your intelligence (+3).
   It makes you vulnerable to cold.
   It affects your resistance to hostile enchantments.
 v - an uncursed ring of positive energy
 x - an uncursed ring of positive energy
 A - the amulet "Pemezorph" (around neck) {Reflect rPois rF+ rC+ MR+ SH+5}
   (You bought it in a shop on level 9 of the Dungeon)

   [amulet of reflection]

   It shields you and reflects attacks.
   It protects you from fire.
   It protects you from cold.
   It protects you from poison.
   It affects your resistance to hostile enchantments.
   It affects your SH (+5).
 O - an uncursed ring of protection from cold
 T - the ring "Jeyheb" {Int+4 Stlth+}
   (You bought it in a shop on level 9 of the Dungeon)

   [ring of stealth]

   It affects your intelligence (+4).
   It makes you more stealthy.
 V - an uncursed ring of protection from fire
 Y - an uncursed ring of protection from fire
 Z - an uncursed ring of resist corrosion
Wands
 d - a wand of disintegration (14)
 h - a wand of polymorph (30)
 i - a wand of digging (8)
 m - a wand of paralysis (18)
Scrolls
 f - 13 scrolls of remove curse
 q - 5 scrolls of magic mapping
 s - 9 scrolls of fog
 t - 11 scrolls of teleportation
 z - 4 scrolls of fear
 B - 6 scrolls of amnesia
 D - 7 scrolls of enchant weapon
 E - a scroll of holy word
 M - 2 scrolls of blinking
 P - 6 scrolls of identify
Potions
 e - 3 potions of mutation
 g - 4 potions of lignification
 n - 6 potions of flight
 o - 13 potions of curing
 u - 2 potions of resistance
 I - 7 potions of brilliance
 K - 5 potions of heal wounds
 L - a potion of might
 N - 4 potions of ambrosia
 Q - a potion of invisibility
 S - 3 potions of haste
 U - a potion of magic
 X - 3 potions of cancellation
Comestibles
 c - 18 rations


   Skills:
 - Level 10.0 Fighting
 + Level 13.9(14.5) Axes
 - Level 7.0(11.4) Maces & Flails
   Level 1.3 Slings
   Level 5.0 Bows
 + Level 3.2 Crossbows
 - Level 11.0 Armour
 - Level 10.0 Dodging
 - Level 2.0 Stealth
 - Level 5.1 Shields
 - Level 13.0 Spellcasting
 - Level 13.0 Conjurations
 - Level 13.0 Hexes
 - Level 13.1 Charms
 - Level 10.0 Translocations
 - Level 7.0 Fire Magic
 - Level 7.0 Ice Magic
 - Level 10.0 Invocations


You had 6 spell levels left.
You knew the following spells:

 Your Spells              Type           Power        Failure   Level  Hunger
a - Magic Dart            Conj           ####         1%          1    None
b - Searing Ray           Conj           ######       1%          2    None
c - Dazzling Flash        Conj/Hex       ######       1%          3    None
d - Freeze                Ice            ####         1%          1    None
e - Conjure Flame         Conj/Fire      ######..     1%          3    None
f - Fulminant Prism       Conj/Hex       ######....   1%          4    None
g - Iskenderun's Mystic   Conj/Tloc      ######..     1%          4    None
h - Ozocubu's Armour      Chrm/Ice       ######..     1%          3    None
i - Irradiate             Conj/Tmut      #####.....   9%          5    ####...
j - Cause Fear            Hex            ######....   1%          4    None
k - Slow                  Hex            ######..     1%          2    None
l - Fireball              Conj/Fire      ######....   2%          5    ####...
m - Ensorcelled Hibernat  Hex/Ice        ######       1%          2    None
n - Blink                 Tloc           N/A          1%          2    None

Your spell library contained the following spells:

 Spells                   Type           Power        Failure   Level  Hunger
 Apportation              Tloc           ######       1%          1    None
 Corona                   Hex            ######.      1%          1    None
 Foxfire                  Conj/Fire      ####         1%          1    None
 Infusion                 Chrm           ####         1%          1    None
 Shock                    Conj/Air       ####         1%          1    None
 Shroud of Golubria       Chrm/Tloc      ######       1%          2    None
 Song of Slaying          Chrm           ######..     1%          2    None
 Confusing Touch          Hex            ######..     1%          3    None
 Frozen Ramparts          Ice            #####.       1%          3    None
 Gell's Gravitas          Tloc           ######....   1%          3    None
 Inner Flame              Hex/Fire       ######..     1%          3    None
 Lesser Beckoning         Tloc           ######....   1%          3    None
 Portal Projectile        Hex/Tloc       ######       1%          3    None
 Recall                   Summ/Tloc      N/A          1%          3    None
 Spectral Weapon          Hex/Chrm       ######..     1%          3    None
 Static Discharge         Conj/Air       #####...     1%          3    None
 Stone Arrow              Conj/Erth      #####.       1%          3    None
 Summon Guardian Golem    Hex/Summ       #####...     1%          3    None
 Tukima's Dance           Hex            ######..     1%          3    None
 Hailstorm                Conj/Ice       ######..     1%          4    None
 Passage of Golubria      Tloc           N/A          1%          4    None
 Sticky Flame             Conj/Fire      ######..     1%          4    None
 Iskenderun's Battlesphe  Conj/Chrm      ######..     1%          5    ####...
 Mephitic Cloud           Conj/Pois/Air  ####....     2%          3    None
 Leda's Liquefaction      Hex/Erth       #####.....   3%          4    None
 Darkness                 Hex            ######....   3%          6    #####..
 Invisibility             Hex            ######..     3%          6    #####..
 Animate Skeleton         Necr           N/A          4%          1    None
 Beastly Appendage        Tmut           ##....       4%          1    None
 Pain                     Necr           ##..         4%          1    None
 Sandblast                Erth           ##....       4%          1    None
 Summon Butterflies       Summ           ##......     4%          1    None
 Summon Small Mammal      Summ           ##..         4%          1    None
 Ignite Poison            Fire/Tmut/Pois ###.....     5%          3    None
 Call Imp                 Summ           ##......     7%          2    None
 Corpse Rot               Necr/Air       N/A          7%          2    None
 Passwall                 Tmut/Erth      ##......     7%          2    None
 Sticks to Snakes         Tmut           ##......     7%          2    None
 Sublimation of Blood     Necr           ##........   7%          2    None
 Bolt of Magma            Conj/Fire/Erth #####.....   9%          5    ####...
 Excruciating Wounds      Chrm/Necr      #####.....   9%          5    ####...
 Lightning Bolt           Conj/Air       #####.....   9%          5    ####...
 Silence                  Hex/Air        #####.....   9%          5    ####...
 Summon Mana Viper        Hex/Summ       #####...     9%          5    ####...
 Yara's Violent Unravell  Hex/Tmut       #####.....   9%          5    ####...
 Ice Form                 Ice/Tmut       ####....     11%         4    None
 Summon Ice Beast         Ice/Summ       ####....     11%         4    None
 Dispersal                Tloc           ######....   12%         6    #####..
 Starburst                Conj/Fire      ######....   12%         6    #####..
 Call Canine Familiar     Summ           ##......     14%         3    None
 Spider Form              Tmut/Pois      ##........   14%         3    None
 Vampiric Draining        Necr           ##........   14%         3    None
 Summon Forest            Summ/Tloc      ####......   17%         5    ####...
 Ozocubu's Refrigeration  Ice            #####.....   38%         6    #####..
 Animate Dead             Necr           N/A          43%         4    None
 Dispel Undead            Necr           ##......     43%         4    None
 Petrify                  Tmut/Erth      ##......     43%         4    None
 Summon Lightning Spire   Summ/Air       ##......     43%         4    None
 Conjure Ball Lightning   Conj/Air       #####.....   45%         6    #####..
 Iron Shot                Conj/Erth      #####.....   45%         6    #####..
 Agony                    Necr           ##......     78%         5    ####...
 Alistair's Intoxication  Tmut/Pois      ##......     78%         5    ####...
 Aura of Abjuration       Summ           ##........   78%         5    ####...
 Blade Hands              Tmut           ##........   78%         5    ####...
 Borgnjor's Vile Clutch   Necr/Erth      ##........   78%         5    ####...
 Lee's Rapid Deconstruct  Erth           ##........   78%         5    ####...
 Eringya's Noxious Bog    Tmut/Pois      ##........   100%        6    #####..
 Statue Form              Tmut/Erth      ##.......    100%        6    #####..
 Orb of Destruction       Conj           ######....   19%         7    #######
 Discord                  Hex            ######....   83%         8    #######
 Spellforged Servitor     Conj/Summ      #####.....   95%         7    #######
 Controlled Blink         Tloc           N/A          99%         8    #######
 Disjunction              Tloc           ######....   99%         8    #######
 Dragon Form              Tmut           ##........   100%        7    #######
 Haunt                    Necr/Summ      ##........   100%        7    #######
 Summon Hydra             Summ           ##........   100%        7    #######
 Chain Lightning          Conj/Air       #####.....   100%        8    #######
 Lehudib's Crystal Spear  Conj/Erth      #####.....   100%        8    #######
 Absolute Zero            Ice            #####.....   100%        9    #######
 Dragon's Call            Summ           ##........   100%        9    #######
 Fire Storm               Conj/Fire      ######....   100%        9    #######
 Shatter                  Erth           ##........   100%        9    #######
 Tornado                  Air            ##........   100%        9    #######


Dungeon Overview and Level Annotations

Branches:
Dungeon (15/15)            Temple (1/1) D:4            Lair (6/6) D:8
  Swamp (4/4) Lair:3       Spider (4/4) Lair:2        Slime (5/5) Lair:6
    Orc (2/2) D:10            Elf (3/3) Orc:2        Vaults (2/5) D:14
 Depths (1/5) D:15         Bailey (visited)
  Crypt: Vaults:2-3

Altars:
Ashenzari
Elyvilon
Fedhas
Gozag
Hepliaklqana
Kikubaaqudgha
Makhleb
Nemelex Xobeh
Okawaru
Qazlal
Ru
Sif Muna
Trog
Uskayaw
Vehumet
Wu Jian
Xom
Yredelemnul
Zin
The Shining One
Beogh
Jiyva

Shops:
D:5 *   D:6 %   D:9 =   Orc:2 [?:*%   Elf:1 :   Elf:2 **   Vaults:1 *:=*

Portals:
Pandemonium: Orc:2

Annotations:
Lair:1 exclusion: 3 oklob plants
Spider:1 3 runed translucent doors, RKaid's ghost, journeyman FeFE
Slime:3 Dissolution
Slime:5 Royal Jelly
Vaults:2 Asterion


Innate Abilities, Weirdness & Mutations

You occasionally shout uncontrollably at your foes.
You are weak. (Str -2)


Message History

The skeletal warrior is moderately damaged.
The blast of energy engulfs the skeletal warrior!!
The skeletal warrior is heavily damaged.
The blast of energy engulfs the skeletal warrior!!
The skeletal warrior is heavily damaged.
You hear two shouts!
Casting: Fulminant Prism (safe; 1% risk of failure)
Confirm with . or Enter, or press ? or * to list all spells.
Aiming: Fulminant Prism (safe; 1% risk of failure)
Press: ? - help, Dir - move target cursor You conjure a prism of explosive energy!
A fulminant prism comes into view.
The skeletal warrior completely misses you.
The skeletal warrior hits you from afar with a +0 glaive!
* * * LOW HITPOINT WARNING * * *
You block the skeletal warrior's attack.
The yaktaur captain shoots a bolt.
The bolt hits your fulminant prism!!
Your fulminant prism detonates feebly.
The yaktaur shoots a bolt.
The bolt hits you!!
You die...

#########
#..c....#
#..(....#
#...(...#
+....c..#
#..c....+
#c......#
#(......#
#..z....#
#z.zz...#
#@z.*...#
#####+###


You could see a yaktaur captain, 5 skeletal warriors, 2 yaktaurs and a friendly
fulminant prism.

Vanquished Creatures
  Mara (Swamp:2)
  the Lernaean hydra (Swamp:4)
  Nikola (Elf:3)
  2 deep elf master archers (Elf:3)
  3 deep elf blademasters
  18 acid blobs
  Kirke (Swamp:3)
  4 thorn hunters
  14 azure jellies
  4 deep elf sorcerers
  Aizul (Spider:3)
  2 vault wardens
  6 ghost moths
  2 deep elf elementalists (Elf:3)
  6 emperor scorpions
  The ghost of mora the Thaumaturge, a journeyman GnWz of Sif Muna (Lair:5)
  7 deep elf demonologists (Elf:3)
  The ghost of Armakuni the Destroyer, a journeyman HuWz of Vehumet (Lair:5)
  4 entropy weavers
  9 deep elf annihilators
  A spark wasp (Spider:4)
  7 deep elf death magi
  2 deep elf high priests (Elf:3)
  A fire dragon (Vaults:2)
  An ogre mage (D:15)
  The ghost of Quroheng the Grappler, a journeyman VSWn of Ashenzari (Lair:5)
  3 death oozes (Slime:5)
  Fannar (D:11)
  6 great orbs of eyes
  3 rakshasas
  19 hydras
  2 catoblepae
  A vault guard (Vaults:2)
  A merfolk avatar (Lair:6)
  3 ghost crabs
  15 alligators
  A death knight (D:12)
  A centaur warrior (D:13)
  8 two-headed ogres
  2 tengu warriors
  Urug (Lair:2)
  8 death yaks
  22 dancing weapons
  6 orc high priests (Orc:2)
  A soul eater (Orc:2)
  A sixfirhy (Orc:2)
  20 deep elf knights
  A sun demon (Orc:1)
  A small abomination (Elf:2)
  A storm dragon skeleton (Vaults:1)
  A flayed ghost (Vaults:2)
  2 unseen horrors
  A death drake (shapeshifter) (D:14)
  An infernal demonspawn (Orc:2)
  An obsidian statue (Vaults:1)
  A glowing orange brain (Slime:2)
  2 wizards
  14 deep elf archers
  8 swamp dragons
  4 harpies (Vaults:1)
  A harpy (shapeshifter) (D:15)
  A necromancer (Vaults:1)
  19 orb spiders
  5 orc knights
  4 manticores
  5 orc sorcerers (Orc:2)
  27 wolf spiders
  A wolf spider zombie (D:15)
  5 cyclopes
  22 ugly things
  58 deep elf magi
  2 vault sentinels
  A moth of wrath (Spider:2)
  7 elephants
  Psyche (D:10)
  A water nymph (shapeshifter) (D:15)
  5 eyes of devastation
  3 black mambas
  3 torpor snails
  23 spiny frogs
  9 rime drakes
  Maggie (Lair:1)
  9 komodo dragons
  A hellwing (Orc:2)
  An ice devil (Orc:2)
  11 demonic crawlers
  A tengu conjurer (Swamp:4)
  A yaktaur skeleton (Vaults:1)
  32 jumping spiders
  A queen bee (D:8)
  7 trolls
  A polar bear (Lair:6)
  9 tyrant leeches
  2 wind drakes (Lair:6)
  14 hornets
  27 blink frogs
  6 bog bodies
  104 slime creatures
  6 hippogriffs
  6 dream sheep
  64 redbacks
  2 shadows
  2 air elementals
  A spriggan (shapeshifter) (Vaults:1)
  39 tarantellas
  A wraith (Vaults:1)
  64 yaks
  Eustachio (D:6)
  3 spriggans (Swamp:3)
  2 water elementals
  A fire elemental (Elf:2)
  10 wyverns
  A vampire (D:14)
  A hog (shapeshifter) (Vaults:1)
  4 hogs (Swamp:3)
  5 golden eyes
  A chaos spawn (Orc:2)
  3 basilisks
  36 vampire mosquitoes
  A hungry ghost (D:12)
  A steam dragon (D:8)
  The ghost of P0WERM0DE the Shield-Bearer, an amateur OpFi of Cheibriados (D:4)
  9 swamp worms
  A neqoxec (Orc:2)
  A warg (Orc:2)
  8 insubstantial wisps (Swamp:1)
  A deep troll skeleton (Vaults:1)
  2 soldier ants
  5 porcupines
  22 water moccasins
  14 swamp drakes
  A floating eye (Lair:1)
  4 ice beasts
  3 black bears
  31 orc warriors
  An ice beast (shapeshifter) (D:15)
  A human zombie (Vaults:1)
  12 ogres
  A sky beast (D:12)
  3 boggarts (D:15)
  3 wolves (Lair:5)
  7 eyes of draining
  6 centaurs
  10 crocodiles
  Blork the orc (D:6)
  2 big kobolds
  2 earth elementals
  17 bullfrogs
  A wyvern zombie (D:12)
  6 scorpions
  A water moccasin skeleton (D:11)
  17 killer bees
  22 wights
  12 electric eels
  3 howler monkeys
  2 bullfrog zombies (D:10)
  7 crimson imps
  A centaur zombie (D:11)
  3 bullfrog skeletons
  7 hounds
  9 centaur skeletons
  26 orc priests
  2 gnoll shamans
  5 jellies
  13 orc wizards
  An iguana (shapeshifter) (D:15)
  3 iguanas
  Terence (D:2)
  8 worker ants
  2 hound zombies
  A spectral worker ant (D:11)
  2 hound skeletons
  A worker ant zombie (D:11)
  28 adders
  13 gnolls
  4 shadow imps
  4 oozes
  2 adder zombies
  4 worms
  2 adder skeletons
  3 dart slugs
  5 leopard geckos
  90 orcs
  5 giant cockroaches
  11 goblins
  14 hobgoblins
  10 jackals
  9 quokkas
  2 ball pythons (D:2)
  A ball python skeleton (D:4)
  11 bats
  3 frilled lizards
  25 kobolds
  2 leopard gecko zombies
  2 quokka skeletons
  11 rats
  A spectral orc (D:5)
  A crawling corpse (Elf:3)
  6 fulminant prisms
  5 fungi (Lair:5)
  5 plants
1554 creatures vanquished.

Vanquished Creatures (others)
  A deep elf knight (Elf:1)
  A deep elf mage (Elf:1)
  A tyrant leech (Swamp:1)
  A redback (Spider:2)
  2 humans (Swamp:3)
  A swamp worm (Swamp:4)
  2 centaurs (D:14)
  2 kobolds (Bailey)
  A bush (Lair:1)
  1020 fulminant prisms
  5 fungi
  15 plants
1052 creatures vanquished.

Grand Total: 2606 creatures vanquished

Notes
Turn   | Place    | Note
-------+----------+-------------------------------------------
     0 | D:1      | Gorlak the Human Conjurer began the quest for the Orb.
     0 | D:1      | Reached XP level 1. HP: 13/13 MP: 3/3
   181 | D:1      | Reached XP level 2. HP: 19/19 MP: 2/5
   482 | D:1      | Reached XP level 3. HP: 22/24 MP: 7/7
   844 | D:2      | Noticed Terence
   850 | D:1      | Learned a level 2 spell: Searing Ray
   986 | D:2      | Killed Terence
   986 | D:2      | Reached XP level 4. HP: 18/30 MP: 0/10
  1540 | D:2      | Reached XP level 5. HP: 28/35 MP: 11/11
  1888 | D:3      | Found a shattered altar of Ashenzari.
  1892 | D:3      | Found a stormy altar of Qazlal.
  1932 | D:3      | Reached skill level 5 in Spellcasting
  1932 | D:3      | Reached skill level 1 in Armour
  1966 | D:3      | Reached XP level 6. HP: 15/41 MP: 2/13
  1971 | D:3      | Found a radiant altar of Vehumet.
  1971 | D:3      | Found a sacrificial altar of Ru.
  2399 | D:3      | Found a white marble altar of Elyvilon.
  2921 | D:4      | Found a runed translucent door.
  2999 | D:4      | Noticed P0WERM0DE's ghost (amateur OpFi)
  3048 | D:4      | Killed P0WERM0DE's ghost
  3048 | D:4      | Reached skill level 1 in Fighting
  3048 | D:4      | Reached XP level 7. HP: 42/48 MP: 6/14
  3163 | D:4      | Found an iron altar of Okawaru.
  3736 | D:4      | Found a staircase to the Ecumenical Temple.
  3742 | Temple   | Entered the Ecumenical Temple
  3749 | Temple   | Became a worshipper of Sif Muna the Loreminder
  3812 | D:5      | Entered Level 5 of the Dungeon
  3880 | D:5      | Found a basalt altar of Yredelemnul.
  3928 | D:5      | Reached XP level 8. HP: 61/61 MP: 11/15
  4069 | D:5      | Reached skill level 5 in Fighting
  4377 | D:5      | Found a sacrificial altar of Ru.
  4395 | D:5      | Reached skill level 1 in Shields
  4454 | D:5      | Found Qakiulof's Assorted Antiques.
  4460 | D:5      | Bought a pair of embroidered boots for 180 gold pieces
  4743 | D:6      | Found Gabixzoo's Food Shoppe.
  4990 | D:6      | Reached skill level 5 in Shields
  5101 | D:6      | Noticed Eustachio
  5111 | D:6      | Killed Eustachio
  5111 | D:6      | Reached XP level 9. HP: 68/68 MP: 7/16
  5165 | D:6      | Reached * piety under Sif Muna
  5219 | D:6      | HP: 3/68 [orc warrior/+2 mace of holy wrath (11)]
  5240 | D:6      | Reached skill level 5 in Invocations
  5615 | D:6      | Noticed Blork the orc
  5632 | D:6      | Killed Blork the orc
  6226 | D:7      | Reached skill level 5 in Conjurations
  6515 | D:7      | Found a burning altar of Makhleb.
  6520 | D:7      | Found a shimmering altar of Xom.
  6523 | D:7      | Found a hazy altar of Hepliaklqana.
  6526 | D:7      | Found an ancient bone altar of Kikubaaqudgha.
  6963 | D:7      | Found a bloodstained altar of Trog.
  6983 | D:7      | Reached ** piety under Sif Muna
  7415 | D:8      | Noticed a queen bee
  7555 | D:8      | Reached XP level 10. HP: 59/74 MP: 12/17
  8713 | D:8      | Found a staircase to the Lair.
  9014 | D:8      | Reached skill level 5 in Armour
  9693 | Lair:1   | Entered Level 1 of the Lair of Beasts
  9693 | Lair:1   | Noticed a spiny frog
  9742 | Lair:1   | Killed a spiny frog
  9947 | Lair:1   | Learned a level 3 spell: Dazzling Flash
 10257 | Lair:1   | Reached *** piety under Sif Muna
 10257 | Lair:1   | Reached skill level 5 in Dodging
 10308 | Lair:1   | Noticed a four-headed hydra
 10321 | Lair:1   | Learned a level 1 spell: Freeze
 10410 | Lair:1   | Noticed a komodo dragon
 10450 | Lair:1   | Killed a komodo dragon
 10450 | Lair:1   | Reached XP level 11. HP: 59/79 MP: 7/18
 10529 | Lair:1   | Noticed an oklob plant
 11879 | Lair:1   | Noticed an oklob plant
 12545 | D:9      | Found Xuguifot's Jewellery Shop.
 12684 | D:9      | Reached **** piety under Sif Muna
 13760 | D:10     | Entered Level 10 of the Dungeon
 14305 | D:10     | Reached skill level 10 in Spellcasting
 14305 | D:10     | Reached XP level 12. HP: 49/86 MP: 20/26
 14749 | D:10     | Noticed Psyche
 14987 | D:10     | Found an opulent altar of Gozag.
 15030 | D:10     | Found a staircase to the Orcish Mines.
 15100 | D:10     | Found a roughly hewn altar of Beogh.
 15254 | D:10     | Killed Psyche
 15681 | Orc:1    | Entered Level 1 of the Orcish Mines
 16059 | Orc:2    | Entered Level 2 of the Orcish Mines
 16541 | Orc:2    | Found Wubat's Food Boutique.
 16968 | Orc:2    | Found Waotag's General Store.
 16991 | Orc:2    | Reached skill level 1 in Maces & Flails
 17012 | Orc:2    | Reached ***** piety under Sif Muna
 17012 | Orc:2    | Identified Lee's Catalogue of Earthen Attacks (Sif Muna
                  | gifted it to you on level 2 of the Orcish Mines)
 17012 | Orc:2    | Received a gift from Sif Muna
 17298 | Orc:2    | Learned a level 3 spell: Conjure Flame
 17303 | Orc:2    | Learned a level 4 spell: Fulminant Prism
 17308 | Orc:2    | Learned a level 4 spell: Iskenderun's Mystic Blast
 17711 | Orc:2    | Found Gichoawy's Magic Scroll Boutique.
 17727 | Orc:2    | Noticed a sun demon
 18052 | Orc:1    | Killed a sun demon
 18540 | Orc:2    | HP: 2/92 [hellwing (6)]
 18898 | Orc:1    | Upgraded the game from 0.25-a0-939-g1e880d33e3 to
                  | 0.25-a0-942-g87a53962fc
 18898 | Orc:2    | Found Qefaqoda's Book Emporium.
 18898 | Orc:2    | Found Xufoj's Antique Armour Shoppe.
 18898 | Orc:2    | Found a one-way gate leading to the halls of Pandemonium.
 19010 | D:11     | Noticed a two-headed ogre
 19045 | D:11     | Killed a two-headed ogre
 19045 | D:11     | Reached skill level 5 in Maces & Flails
 19434 | D:11     | Noticed Fannar
 20057 | D:9      | Bought the amulet "Pemezorph" {Reflect rPois rF+ rC+ MR+
                  | SH+2} for 536 gold pieces
 20057 | D:9      | Bought the ring "Jeyheb" {Int+4 Stlth+} for 460 gold pieces
 20518 | D:11     | Got a spiked leather armour
 20671 | D:11     | Reached skill level 1 in Hexes
 20915 | D:11     | Killed Fannar
 20915 | D:11     | Reached XP level 13. HP: 81/98 MP: 4/27
 20958 | D:11     | Identified the cursed +0 leather armour "Yrghauh" {rElec
                  | Dex+2} (You found it on level 11 of the Dungeon)
 21208 | D:11     | Got a slimy chain mail
 21793 | D:12     | Reached skill level 10 in Conjurations
 22418 | D:12     | Reached skill level 1 in Axes
 22931 | D:12     | Learned a level 3 spell: Ozocubu's Armour
 22937 | D:12     | Learned a level 5 spell: Irradiate
 23431 | D:13     | Reached skill level 5 in Axes
 23478 | D:13     | Noticed a centaur warrior
 23494 | D:13     | Killed a centaur warrior
 23494 | D:13     | Identified Sif Muna's Catalogue of Glacial Dark Rites (Sif
                  | Muna gifted it to you on level 13 of the Dungeon)
 23494 | D:13     | Received a gift from Sif Muna
 23722 | D:13     | Noticed a catoblepas
 24757 | D:13     | Reached skill level 5 in Hexes
 24759 | D:13     | Reached skill level 1 in Charms
 25025 | D:13     | Reached XP level 14. HP: 90/105 MP: 10/28
 25430 | D:14     | Reached skill level 5 in Charms
 25685 | D:14     | Found a flagged portal.
 25696 | Bailey   | Entered a bailey
 25871 | Bailey   | Found an iron altar of Okawaru.
 27039 | D:14     | Found a shimmering altar of Xom.
 27039 | D:14     | Found a shimmering altar of Xom.
 27039 | D:14     | Found a shimmering altar of Xom.
 27046 | D:14     | Found a shimmering altar of Xom.
 27046 | D:14     | Found a shimmering altar of Xom.
 27093 | D:14     | Found a shimmering altar of Xom.
 27358 | D:14     | Found a gate to the Vaults.
 27747 | D:15     | Entered Level 15 of the Dungeon
 28719 | D:15     | Identified the +10 chain mail of Gaoggeud {MP+9 Str+3 Dex+4
                  | Stlth+} (You found it on level 11 of the Dungeon)
 29422 | D:15     | Found a staircase to the Depths.
 29567 | Depths:1 | Entered Level 1 of the Depths
 30394 | D:15     | Reached XP level 15. HP: 101/110 MP: 20/29
 31436 | Lair:1   | Noticed Maggie
 31493 | Lair:1   | Killed Maggie
 31962 | Lair:2   | Found a hole to the Spider Nest.
 32061 | Lair:2   | Noticed Urug
 32066 | Lair:2   | Reached skill level 10 in Armour
 32537 | Lair:2   | Received a gift from Sif Muna
 32601 | Lair:2   | Got a ripped robe
 32878 | Lair:1   | Upgraded the game from 0.25-a0-942-g87a53962fc to
                  | 0.25-a0-949-gdd2af9e06e
 33189 | Lair:1   | Identified the +2 robe "Keframa" {rCorr MP+9 Stlth+} (You
                  | found it on level 2 of the Lair of Beasts)
 33645 | Lair:2   | Killed Urug
 34931 | Lair:3   | Found a staircase to the Swamp.
 36674 | Lair:5   | Identified Ceal's Grimoire of the Oath (Sif Muna gifted it
                  | to you on level 5 of the Lair of Beasts)
 36674 | Lair:5   | Received a gift from Sif Muna
 37355 | Lair:4   | Got a heavily runed leather armour
 37356 | Lair:4   | Identified the +3 leather armour "Nunina Hioc" {Str+3} (You
                  | found it on level 4 of the Lair of Beasts)
 38115 | Lair:5   | Found a runed translucent gate.
 38115 | Lair:5   | Found a runed translucent gate.
 38115 | Lair:5   | Found a runed translucent gate.
 38116 | Lair:5   | Noticed mora's ghost (journeyman GnWz)
 38124 | Lair:5   | Noticed Armakuni's ghost (journeyman HuWz)
 38125 | Lair:5   | Noticed Quroheng's ghost (journeyman VSWn)
 38184 | Lair:6   | Entered Level 6 of the Lair of Beasts
 38465 | Lair:5   | Reached skill level 10 in Hexes
 38671 | Lair:5   | Upgraded the game from 0.25-a0-949-gdd2af9e06e to
                  | 0.25-a0-972-g74ed164fb1
 38904 | Lair:5   | Reached XP level 16. HP: 97/117 MP: 15/31
 38921 | Lair:5   | Learned a level 4 spell: Cause Fear
 39681 | Lair:6   | Found a staircase to the Slime Pits.
 40581 | Lair:6   | Got a crude robe
 40595 | Lair:6   | Identified the cursed +1 robe of Ampuocs {+Inv Str+3 Dex+2}
                  | (You found it on level 6 of the Lair of Beasts)
 41058 | Lair:6   | Identified a scroll of acquirement
 41199 | Swamp:1  | Entered Level 1 of the Swamp
 42401 | Swamp:1  | Reached skill level 10 in Dodging
 42432 | Lair:3   | Learned a level 2 spell: Slow
 43898 | Swamp:1  | You fall into a shaft and drop 1 floor!
 44369 | Swamp:2  | Noticed a thorn hunter
 45128 | Swamp:1  | Upgraded the game from 0.25-a0-972-g74ed164fb1 to
                  | 0.25-a0-990-g0adbbaad2a
 45134 | Swamp:1  | Learned a level 5 spell: Fireball
 45167 | Swamp:2  | Killed a thorn hunter
 45742 | Swamp:3  | Noticed Mara
 45823 | Swamp:3  | Noticed Kirke
 46040 | Swamp:3  | Noticed a thorn hunter
 46040 | Swamp:3  | Noticed a thorn hunter
 46181 | Spider:1 | Entered Level 1 of the Spider Nest
 46599 | Spider:1 | Reached skill level 5 in Fire Magic
 47105 | Spider:1 | Reached XP level 17. HP: 109/122 MP: 29/32
 47720 | Lair:2   | Reached skill level 1 in Ice Magic
 48464 | Spider:1 | Found a runed translucent gate.
 48465 | Spider:1 | Found a runed translucent gate.
 48466 | Spider:1 | Found a runed translucent gate.
 48472 | Spider:1 | Noticed RKaid's ghost (journeyman FeFE)
 48695 | Spider:1 | Identified the +2 hat of Salvation {Slay+3} (You acquired
                  | it on level 1 of the Spider Nest)
 49344 | Spider:2 | Reached skill level 5 in Ice Magic
 49779 | Spider:2 | Received a gift from Sif Muna
 50248 | Spider:1 | Upgraded the game from 0.25-a0-990-g0adbbaad2a to
                  | 0.25-a0-1015-g4819203062
 51824 | Spider:3 | Noticed Aizul
 52349 | Spider:3 | Killed Aizul
 53533 | Spider:4 | Entered Level 4 of the Spider Nest
 54127 | Spider:3 | Upgraded the game from 0.25-a0-1015-g4819203062 to
                  | 0.25-a0-1078-gea6e5d949a
 54329 | D:9      | Bought an uncursed ring of see invisible for 210 gold
                  | pieces
 54757 | Orc:2    | Found a staircase to the Elven Halls.
 55246 | Orc:2    | Bought a wand of paralysis (4) for 84 gold pieces
 55246 | Orc:2    | Bought a scroll of remove curse for 42 gold pieces
 55454 | Orc:2    | Reached XP level 18. HP: 118/129 MP: 11/34
 55471 | Orc:2    | Gained mutation: You are weak. (Str -2) [a neqoxec]
 55473 | Orc:2    | Gained mutation: You occasionally shout uncontrollably at
                  | your foes. [a neqoxec]
 55632 | Orc:2    | Reached skill level 1 in Translocations
 56464 | Orc:2    | Bought a pair of glowing gloves for 232 gold pieces
 56560 | Orc:2    | Bought a scroll of teleportation for 36 gold pieces
 56560 | Orc:2    | Bought a scroll of remove curse for 36 gold pieces
 56560 | Orc:2    | Bought a scroll of identify for 24 gold pieces
 56560 | Orc:2    | Bought a scroll of teleportation for 36 gold pieces
 56560 | Orc:2    | Bought a scroll of teleportation for 36 gold pieces
 56560 | Orc:2    | Bought a scroll of teleportation for 36 gold pieces
 56560 | Orc:2    | Bought a scroll of remove curse for 36 gold pieces
 56560 | Orc:2    | Bought a scroll of enchant armour for 90 gold pieces
 56560 | Orc:2    | Bought a scroll of blinking for 90 gold pieces
 56560 | Orc:2    | Bought a scroll of teleportation for 36 gold pieces
 56609 | Elf:1    | Entered Level 1 of the Elven Halls
 56953 | Swamp:3  | Noticed Gorlak's illusion
 56967 | Swamp:3  | Noticed Gorlak's illusion
 56974 | Swamp:2  | Noticed Gorlak's illusion
 56976 | Swamp:2  | Killed Mara
 58346 | Swamp:3  | Killed Kirke
 59086 | Swamp:4  | Entered Level 4 of the Swamp
 59101 | Swamp:4  | Reached skill level 10 in Fighting
 59743 | Swamp:4  | Identified Sif Muna's Further Progress in Spellcraft (Sif
                  | Muna gifted it to you on level 4 of the Swamp)
 59743 | Swamp:4  | Received a gift from Sif Muna
 59828 | Swamp:4  | Noticed the 27-headed Lernaean hydra
 59846 | Swamp:3  | Upgraded the game from 0.25-a0-1078-gea6e5d949a to
                  | 0.25-a0-1104-g1bb6b8da34
 60858 | Spider:4 | Reached XP level 19. HP: 116/140 MP: 3/36
 61885 | Spider:4 | Reached skill level 10 in Axes
 64207 | Spider:4 | Got a gossamer rune of Zot
 64441 | Lair:3   | Learned a level 2 spell: Ensorcelled Hibernation
 65561 | Swamp:4  | Got a decaying rune of Zot
 65680 | Swamp:4  | Killed the 27-headed Lernaean hydra
 66597 | Orc:2    | Identified Sif Muna's Guide on Displaced Bewitchment (Sif
                  | Muna gifted it to you on level 2 of the Orcish Mines)
 66597 | Orc:2    | Received a gift from Sif Muna
 66604 | Orc:2    | Learned a level 2 spell: Blink
 67111 | Elf:1    | Found a radiant altar of Vehumet.
 67207 | Elf:1    | Identified the Grimoire of Attacks
 67240 | Elf:1    | Found Otake's Book Boutique.
 67434 | Elf:1    | Reached skill level 1 in Bows
 67737 | Elf:1    | Reached XP level 20. HP: 147/147 MP: 29/37
 68114 | Elf:1    | Reached skill level 5 in Bows
 68948 | Elf:2    | Found Irghamuel's General Store.
 68984 | Elf:2    | Found Moich's Assorted Antiques.
 69031 | Elf:2    | Bought a potion of heal wounds for 135 gold pieces
 69095 | Elf:2    | Found a shimmering altar of Xom.
 69185 | Elf:2    | Got a dazzling plate armour
 69186 | Elf:2    | Identified the cursed +1 plate armour of Rationality {rF-
                  | rC+ SInv} (You found it on level 2 of the Elven Halls)
 69256 | Elf:2    | Found an ancient bone altar of Kikubaaqudgha.
 69614 | Elf:2    | Found a huge runed translucent gate.
 69614 | Elf:2    | Found a huge runed translucent gate.
 69614 | Elf:2    | Found a huge runed translucent gate.
 69615 | Elf:2    | Found a huge runed translucent gate.
 69616 | Elf:2    | Found a huge runed translucent gate.
 69817 | Elf:2    | Identified Uwniak's Grimoire of Confrontation and the Oath
                  | (Sif Muna gifted it to you on level 2 of the Elven Halls)
 69817 | Elf:2    | Received a gift from Sif Muna
 70628 | Elf:3    | Entered Level 3 of the Elven Halls
 70628 | Elf:3    | Noticed Nikola
 70644 | Elf:3    | Killed Nikola
 71011 | Elf:3    | Reached skill level 10 in Charms
 71115 | Elf:3    | Reached skill level 10 in Invocations
 71239 | Elf:3    | Identified the cursed +1 morningstar of the End of Times
                  | {flame, rF- rC++ Str+5}
 71245 | Elf:3    | Identified the +9 rapier of Zolaph {vorpal, rElec}
 71245 | Elf:3    | Identified the ring of Activism {rF+ MR+ Str+5 Int-3}
 71248 | Elf:3    | Noticed an Ice Fiend
 71258 | Elf:3    | Noticed a Tzitzimitl
 71619 | Elf:3    | Reached XP level 21. HP: 130/153 MP: 31/38
 72214 | Elf:3    | Found an ancient bone altar of Kikubaaqudgha.
 72751 | Elf:3    | Identified the Compendium of Floating Arcane Weapons
 72776 | Elf:3    | Got a brightly glowing double sword
 72777 | Elf:3    | Identified the cursed +1 double sword of Duty {flame, rElec
                  | Int+4} (You found it on level 3 of the Elven Halls)
 72813 | Elf:3    | Got a pitted ring mail
 72814 | Elf:3    | Identified the +5 ring mail of Ifaiseom {Str+4} (You found
                  | it on level 3 of the Elven Halls)
 72887 | Elf:3    | Got an opal-encrusted plate armour
 72888 | Elf:3    | Identified the +4 plate armour "Zih Osan" {rCorr Str+3
                  | Dex+10 Slay-3 SInv} (You found it on level 3 of the Elven
                  | Halls)
 72919 | Elf:3    | Got a pair of scorched gloves
 72946 | Elf:3    | Identified the cursed +0 pair of gloves "Jeuluas" {*Slow
                  | +Fly rC++} (You found it on level 3 of the Elven Halls)
 73209 | Elf:3    | Identified the Tome of Enhancements and Conjuration
 73276 | Elf:3    | Identified the cursed +0 robe of Circular Logic {rCorr
                  | Int+4 SInv}
 73643 | D:10     | Found a staircase to the Orcish Mines.
 73646 | D:10     | Found a roughly hewn altar of Beogh.
 74149 | Lair:5   | Killed Armakuni's ghost
 74149 | Lair:5   | Killed Quroheng's ghost
 74173 | Lair:5   | Killed mora's ghost
 74186 | Lair:5   | Identified the Disquisition on the Voyage and the Escort
 74556 | Slime:1  | Entered Level 1 of the Pits of Slime
 76332 | Slime:2  | Identified Sif Muna's Reference Book on Displacement (Sif
                  | Muna gifted it to you on level 2 of the Pits of Slime)
 76332 | Slime:2  | Received a gift from Sif Muna
 76862 | Slime:3  | Noticed Dissolution
 77573 | Slime:4  | Paralysed by a great orb of eyes for 5 turns
 78498 | Slime:5  | Entered Level 5 of the Pits of Slime
 78503 | Slime:5  | Reached XP level 22. HP: 107/159 MP: 30/39
 79032 | Slime:5  | Noticed the Royal Jelly
 79942 | Slime:4  | Upgraded the game from 0.25-a0-1104-g1bb6b8da34 to
                  | 0.25-a0-1118-g1a081956a1
 80500 | Slime:5  | Found a viscous altar of Jiyva.
 81168 | Slime:5  | HP: 1/159 [azure jelly[the Royal Jelly] (12)]
 81629 | Lair:4   | Upgraded the game from 0.25-a0-1118-g1a081956a1 to
                  | 0.25-a0-1133-g93ebf739aa
 81995 | Vaults:1 | Entered Level 1 of the Vaults
 82316 | Vaults:1 | Found Eddepury's Jewellery Shop.
 82357 | Vaults:1 | Found Geennur's Assorted Antiques.
 82447 | Vaults:1 | Reached skill level 10 in Translocations
 82457 | Vaults:1 | Reached skill level 1 in Slings
 82620 | Vaults:1 | Got an ancient hand crossbow
 82621 | Vaults:1 | Identified the +9 hand crossbow "Vokkuedo" {flame, +Inv rC-
                  | MR+ Str+4} (You found it on level 1 of the Vaults)
 82721 | Vaults:1 | Bought the ring "Suitus" {rC- MR+ Str+5 Int+3} for 637 gold
                  | pieces
 82948 | Vaults:1 | Found Gaarch's General Store.
 83050 | Vaults:1 | Found Zoczyman's Book Shop.
 83092 | Vaults:1 | Reached skill level 1 in Crossbows
 83770 | Vaults:2 | Noticed Asterion
 83828 | Vaults:2 | Shot with a bolt by a yaktaur

Illustrated notes

Levels and vault maps discovered:
D:1:      beargit_arrival_greenhouse, layout_loops_cross
D:2:      layout_loops_cross, uniq_terence
D:3:      layout_basic, lemuel_coloured_pillars_altar, minitemple, first_ration
D:4:      layout_loops_ring, minmay_temple_entry_enclosed_plants,
          ebering_ghost_reflecting_pool, minmay_misc_feat_iff,
          okawaru_ov_weapons_minmay
D:5:      layout_basic, yredelemnul_forgotten_temple_becter, serial_shops,
          shop_statue, basic_altar, chequers_decorated_corner
D:6:      layout_basic, serial_shops, shop_coins, minmay_small_thing,
          uniq_eustachio, uniq_blork_the_orc
D:7:      layout_gridville, grunt_temple_overflow_cloverleaf,
          kennysheep_cluttered_room, trog_hazing_becter
D:8:      layout_loops_corners, lair_entry_dummy, david_nohive_1
D:9:      layout_loops_ring, serial_shops, shop, serial_bayou,
          serial_bayou_lagoon_b, serial_bayou_pond_d, serial_bayou_pond_d,
          serial_bayou_lagoon_a
D:10:     layout_roguey, minmay_orc_entry_temple_small, grunt_ministairs_12,
          nicolae_gozag_cash_rules_everything_around_me, uniq_psyche
D:11:     layout_basic, hangedman_weighted_door, uniq_fannar
D:12:     layout_roguey
D:13:     layout_stronghold
D:14:     layout_long_grid, david_vaults_1, bh_walls_and_bars, enter_bailey_3,
          xom_redecorated
D:15:     gammafunk_enter_depths_forms, layout_cave_pods, serial_park,
          serial_park_tiny_2, serial_park_tiny_pond, serial_park_square1
          [serial_park_minivault_5x5_8]
Temple:   nicolae_temple_x_marks_the_god
Lair:1:   layout_long_grid, disabler_island, grunt_megastairs_1, uniq_maggie
Lair:2:   layout_layer_cave, spider_nest_entry_web_field, serial_bayou_pond_a,
          lemuel_fruit_tree, uniq_urug
Lair:3:   layout_regular_city, minmay_swamp_entry_swarm, grunt_megastairs_4
Lair:4:   lemuel_reptile_caves, layout_cave_pods, infiniplex_staircase_pool
Lair:5:   layout_misc_corridors, gammafunk_ghost_cemetery, beast_lair_carwin_3
Lair:6:   gammafunk_lair_ancient_temple, layout_big_grid,
          nicolae_slime_entry_slimehenge, chequers_serial_rivers_micro_b
Swamp:1:  layout_basic_swamp, evilmike_swamp_ruin_rubble_2,
          infiniplex_staircase_pool_2
Swamp:2:  layout_falls_marsh, evilmike_swamp_ruin_house_3, swamp_pool5
Swamp:3:  layout_basic_swamp, evilmike_swamp_ruin_house_6, uniq_mara, uniq_kirke
Swamp:4:  swamp_basic_johnstein, layout_basic_swamp, swamp_pool4, kb_tengu_band
Spider:1: layout_spider_delve, gammafunk_ghost_tricky_traps
Spider:2: layout_spider_delve
Spider:3: layout_spider_delve, spiders_nest_the_unseen, uniq_aizul
Spider:4: grunt_spider_rune_parallel, portal_ice_cave_entry_pillars_1
Slime:1:  layout_caves
Slime:2:  layout_caves
Slime:3:  layout_caves, uniq_dissolution
Slime:4:  layout_caves
Slime:5
Orc:1:    layout_diamond_mine
Orc:2:    pf_orc_diabolical, layout_caves, serial_shops, shop
Elf:1:    layout_loops_corners, serial_shops, shop, basic_altar,
          minmay_elf_annihilation
Elf:2:    layout_loops_corners, serial_shops, shop, shop, basic_altar,
          fountainhead, david_defended_altar_elf
Elf:3:    grunt_elf_hall_branching, layout_rooms, basic_altar, drop_trap,
          uniq_nikola
Vaults:1: nicolae_vaults_statue_guard, v_misc_13,
          ontoclasm_vaults_loading_screen, v_pattern_1, hangedman_vaults_impose,
          nicolae_vaults_network_periphery, vaults_room_semicircle,
          nicolae_vaults_little_ls, v_misc_19, vaults_room_pool,
          vaults_room_pools, layout_vaults_omnigrid, serial_shops,
          nicolae_shop_window_shopping, nicolae_shop_waterfront, shop, shop
Vaults:2: v_alt_pattern_6, ontoclasm_vaults_fault, v_rooms_4, v_misc_13,
          v_misc_26, minmay_crypt_entry_necro_gods, v_alt_pattern_3, v_misc_13,
          v_misc_25, v_misc_16, nicolae_vaults_stairing_the_circle,
          grunt_vaults_trifunnel, v_misc_31, nicolae_vaults_asterisk, v_misc_24,
          vaults_room_hangedman_quadrants, layout_vaults_maze, serial_shops,
          nicolae_shop_stone, uniq_frederick, uniq_asterion
Depths:1: layout_cave_pools, grunt_decor_cap, hangedman_geh_valley,
          rand_demon_pan_entry_9, minmay_guarded_unrand_vampires_tooth

Skill      XL: |  1  2  3  4  5  6  7  8  9 10 11 12 13 14 15 16 17 18 19 20 21 22 |
---------------+-------------------------------------------------------------------+-----
Spellcasting   | 3 4 5 10 11 12 13 | 13.0
Armour         | 2 4 6 8 11 | 11.0
Fighting       | 1 4 5 8 10 | 10.0
Shields        | 5 |  5.1
Invocations    | 3 6 10 | 10.0
Conjurations   | 7 9 11 13 | 13.0
Dodging        | 6 10 | 10.0
Maces & Flails | 7 |  7.0
Hexes          | 2 5 7 10 11 13 | 13.0
Axes           | 6 9 13 | 13.9
Charms         | 2 7 10 13 | 13.1
Fire Magic     | 6 7 |  7.0
Ice Magic      | 7 |  7.0
Translocations | 7 10 | 10.0
Bows           | 3 5 |  5.0
Slings         | 1 |  1.3
Crossbows      | 3 |  3.2
Stealth        | |  2.0

Action                   |  1- 3 |  4- 6 |  7- 9 | 10-12 | 13-15 | 16-18 | 19-21 | 22-24 || total
-------------------------+-------+-------+-------+-------+-------+-------+-------+-------++-------
Melee: Short sword       |    57 |    82 |     3 |       |       |       |       |       ||   142
       Unarmed           |     1 |       |       |       |       |       |       |       ||     1
       Whip              |       |       |   142 |   337 |    31 |       |       |       ||   510
       War axe           |       |       |       |       |   539 |   643 |   799 |   213 ||  2194
       Eveningstar       |       |       |       |       |       |       |    10 |       ||    10
 Fire: Fustibalus        |       |       |       |       |       |       |     1 |       ||     1
 Cast: Magic Dart        |    17 |    32 |    69 |   188 |   201 |    48 |     3 |     1 ||   559
       Searing Ray       |     4 |    11 |    57 |   186 |   159 |    94 |    27 |     2 ||   540
       Freeze            |       |       |       |     6 |       |       |       |       ||     6
       Dazzling Flash    |       |       |       |     6 |     2 |     1 |       |       ||     9
       Conjure Flame     |       |       |       |    12 |     2 |       |       |       ||    14
       Fulminant Prism   |       |       |       |    11 |   216 |   447 |   264 |    90 ||  1028
       Iskenderun's Myst |       |       |       |     2 |    18 |    84 |    49 |    45 ||   198
       Ozocubu's Armour  |       |       |       |       |    58 |    95 |   103 |    29 ||   285
       Cause Fear        |       |       |       |       |       |    22 |     7 |     3 ||    32
       Slow              |       |       |       |       |       |     9 |       |       ||     9
       Fireball          |       |       |       |       |       |    37 |   101 |    46 ||   184
       Ensorcelled Hiber |       |       |       |       |       |       |     5 |       ||     5
       Blink             |       |       |       |       |       |       |     4 |       ||     4
Invok: Channel Magic     |       |       |       |     1 |     1 |    15 |    14 |     7 ||    38
Evoke: Wand              |       |       |       |     2 |       |     1 |       |       ||     3
  Use: Scroll            |       |       |     2 |     7 |    21 |    30 |    19 |    11 ||    90
       Potion            |       |       |       |     1 |     6 |     6 |       |     1 ||    14
 Stab: Sleeping          |     3 |     2 |     4 |     1 |       |       |       |     2 ||    12
       Distracted        |     1 |       |       |     1 |     1 |       |       |       ||     3
       Invisible         |       |       |       |       |     1 |       |       |       ||     1
  Eat: Chunk             |       |     7 |    23 |    34 |    43 |    30 |    13 |     3 ||   153
       Ration            |       |       |       |     3 |     7 |    16 |    19 |     7 ||    52
Armor: Leather armour    |    15 |    27 |    30 |     9 |       |       |       |       ||    81
       Scale mail        |       |       |    11 |     4 |       |       |       |       ||    15
       Steam dragon scal |       |       |       |    80 |   192 |   553 |   409 |   120 ||  1354
       Skin              |       |       |       |     5 |       |     1 |       |       ||     6
       Chain mail        |       |       |       |       |     4 |       |       |       ||     4
Dodge: Dodged            |    34 |    70 |   123 |   526 |   819 |  1587 |   880 |   285 ||  4324
Block: Buckler           |       |       |    74 |   272 |   457 |   836 |   678 |   214 ||  2531
       Reflection        |       |       |       |       |    19 |     9 |    35 |    11 ||    74

Table legend:
 A = Non-vault XP
 B = Vault XP
 C = Vault XP percentage of total XP
 D = Non-vault monster count
 E = Vault monster count
 F = Vault count percentage of total count
                 A         B        C        D         E       F
            +---------+---------+-------+---------+---------+-------
      Total |  361880 |  214251 |  37.2 |    1133 |     407 |  26.4
            +---------+---------+-------+---------+---------+-------
        D:1 |      43 |       0 |   0.0 |      28 |       0 |   0.0
        D:2 |      65 |      32 |  33.0 |      20 |       1 |   4.8
        D:3 |     209 |       0 |   0.0 |      34 |       0 |   0.0
        D:4 |     472 |     173 |  26.8 |      15 |       1 |   6.2
        D:5 |     330 |       1 |   0.3 |      19 |       1 |   5.0
        D:6 |    1018 |     327 |  24.3 |      21 |       3 |  12.5
        D:7 |    1172 |      70 |   5.6 |      33 |       7 |  17.5
        D:8 |     817 |    1076 |  56.8 |      14 |      14 |  50.0
        D:9 |    3556 |       0 |   0.0 |      45 |       0 |   0.0
       D:10 |    1762 |     602 |  25.5 |      25 |      13 |  34.2
       D:11 |    5296 |    1570 |  22.9 |      33 |       6 |  15.4
       D:12 |    8428 |       0 |   0.0 |      54 |       0 |   0.0
       D:13 |   11399 |       0 |   0.0 |      39 |       0 |   0.0
       D:14 |    7549 |    2726 |  26.5 |      27 |       9 |  25.0
       D:15 |   12537 |    3114 |  19.9 |      31 |       9 |  22.5
     Lair:1 |    7710 |    2165 |  21.9 |      31 |       9 |  22.5
     Lair:2 |   11331 |     867 |   7.1 |      39 |       1 |   2.5
     Lair:3 |    4399 |     612 |  12.2 |      15 |       4 |  21.1
     Lair:4 |    3302 |    3165 |  48.9 |      15 |      34 |  69.4
     Lair:5 |    7123 |    9356 |  56.8 |      25 |      18 |  41.9
     Lair:6 |    9714 |    7433 |  43.3 |      20 |      23 |  53.5
    Swamp:1 |   10346 |       0 |   0.0 |      26 |       0 |   0.0
    Swamp:2 |    7678 |    8937 |  53.8 |      12 |       4 |  25.0
    Swamp:3 |   20000 |    4224 |  17.4 |      35 |       7 |  16.7
    Swamp:4 |   15248 |   17675 |  53.7 |      37 |      26 |  41.3
   Spider:1 |   17435 |       0 |   0.0 |      39 |       0 |   0.0
   Spider:2 |   21716 |       0 |   0.0 |      57 |       0 |   0.0
   Spider:3 |   10214 |    5094 |  33.3 |      35 |       3 |   7.9
   Spider:4 |   11069 |   24257 |  68.7 |      25 |      51 |  67.1
    Slime:1 |   13526 |       0 |   0.0 |      14 |       0 |   0.0
    Slime:2 |   10391 |       0 |   0.0 |      16 |       0 |   0.0
    Slime:3 |   10797 |       0 |   0.0 |      17 |       0 |   0.0
    Slime:4 |   19184 |     115 |   0.6 |      28 |       1 |   3.4
    Slime:5 |   19189 |   16164 |  45.7 |      37 |       8 |  17.8
      Orc:1 |     715 |     798 |  52.7 |      10 |       1 |   9.1
      Orc:2 |    1650 |   15563 |  90.4 |      31 |      57 |  64.8
      Elf:1 |   22108 |    5369 |  19.5 |      34 |       9 |  20.9
      Elf:2 |   15704 |   27425 |  63.6 |      26 |      32 |  55.2
      Elf:3 |   12830 |   47211 |  78.6 |      20 |      31 |  60.8
   Vaults:1 |   17489 |    4018 |  18.7 |      41 |       4 |   8.9
   Vaults:2 |    6359 |    3648 |  36.5 |      10 |       4 |  28.6
     Bailey |       0 |     464 | 100.0 |       0 |      16 | 100.0
            +---------+---------+-------+---------+---------+-------
